 Dungeon Crawl Stone Soup version 0.28.0 (webtiles) character file.

Game seed: 8227746061417119408

7957 browni3141 the Fighter (level 11, -1/71 HPs)
             Began as a Gargoyle Berserker on Feb 16, 2022.
             Was an Elder of Trog.
             Slain by a purple very ugly thing (16 damage)
             ... on level 1 of the Abyss.
             The game lasted 00:07:19 (11671 turns).

browni3141 the Fighter (Gargoyle Berserker)        Turns: 11671, Time: 00:07:20

Health: -1/71      AC: 28    Str: 24    XL:     11   Next: 23%
Magic:  11/11      EV:  8    Int:  9    God:    Trog [****..]
Gold:   672        SH:  0    Dex:  9    Spells: 10/10 levels left

rFire   . . .      SeeInvis .   q - +0 war axe
rCold   + . .      Faith    .   I - orb {light}
rNeg    + . .      Spirit   .   o - +0 plate armour
rPois   ∞          Reflect  .   G - +0 helmet
rElec   +          Harm     .   H - +1 cloak of Imnipeism {+Inv rC+ rCorr}
rCorr   +          Rampage  .   s - +0 pair of gloves
Will    .....                   r - +0 pair of boots
Stlth   ..........              u - amulet of magic regeneration
HPRegen 0.21/turn               (no ring)
MPRegen 0.52/turn               (no ring)

@: silenced, on berserk cooldown, slowed, glowing, very slow
A: sickness immunity, AC +8, negative energy resistance 1, electricity
resistance, torment resistance 1, petrification resistance
a: Renounce Religion, Evoke Invisibility


You were on level 1 of the Abyss.
You worshipped Trog.
Trog was greatly pleased with you.
You visited 2 branches of the dungeon, and saw 10 of its levels.
You visited the Abyss 1 time.
You also visited: Ossuary.

You collected 832 gold pieces.
You spent 160 gold pieces at shops.

Inventory:

Hand Weapons
 a - a +0 hand axe
 q - a +0 war axe (weapon)
Armour
 b - a +0 animal skin
 c - a +0 ring mail of willpower
 d - a +1 pair of boots
 g - a +0 chain mail
 o - a +0 plate armour (worn)
 r - a +0 pair of boots (worn)
 s - a +0 pair of gloves (worn)
 C - a +0 cloak
 G - a +0 helmet (worn)
 H - the +1 cloak of Imnipeism (worn) {+Inv rC+ rCorr}
   (You found it on level 8 of the Dungeon)

   rC:        It protects you from cold.
   +Inv:      It lets you turn invisible.
   rCorr:     It protects you from acid and corrosion.
 I - an orb of light (worn)
Jewellery
 u - an amulet of magic regeneration (around neck)
Wands
 y - a wand of iceblast (23)
 z - a wand of flame (33)
 A - a wand of charming (14)
Scrolls
 e - 8 scrolls of identify
 f - a scroll of torment {unknown}
 h - 3 scrolls of fear
 i - 2 scrolls of enchant armour {unknown}
 j - a scroll of blinking
 l - a scroll of immolation {unknown}
 p - a scroll of amnesia {unknown}
 t - a scroll of holy word {unknown}
 v - a scroll of magic mapping
 x - a scroll of silence
 B - a scroll of teleportation {unknown}
 D - 2 scrolls of noise {unknown}
 E - 2 scrolls of fog {unknown}
 F - 2 scrolls of acquirement {unknown}
Potions
 k - 2 potions of might
 m - 2 potions of brilliance {unknown}
 n - 4 potions of heal wounds
 w - 6 potions of curing {unknown}


   Skills:
 + Level 9.5 Fighting
 + Level 7.9 Axes
 + Level 9.1 Armour
 - Level 4.0 Dodging
 - Level 8.0 Evocations


You had 10 spell levels left.
You didn't know any spells.
Your spell library was empty.

Dungeon Overview and Level Annotations

Branches:
Dungeon (9/15)             Temple (0/1) D:5            Lair (1/6) D:8
Ossuary (visited)
    Orc: D:9-12

Altars:
Kikubaaqudgha
Okawaru
Qazlal
Uskayaw
Wu Jian

Shops:
D:4 [![   D:6 *

Annotations:
D:9 Erolcha


Innate Abilities, Weirdness & Mutations

You are immune to sickness and miasma.
Your stone body is resilient. (AC +8)
You are immune to poison.
You resist negative energy. (rN+)
You are resistant to electric shocks. (rElec)
You are resistant to unholy torment.
You are immune to petrification.


Message History

You slice the sixfirhy!!
You kill the sixfirhy!
That felt strangely unrewarding.
You hit the quasit.
The kobold demonologist hits you but does no damage.
The orange demon stings you from afar.
* * * LOW HITPOINT WARNING * * *
A purple very ugly thing comes into view.
The quasit bites you but does no damage.
The quasit claws you but does no damage. x2
Unknown command.
The purple very ugly thing gurgles horribly!
You slice the kobold demonologist!!
You kill the kobold demonologist!
That felt strangely unrewarding.
The quasit disappears in a puff of smoke!
The orange demon disappears in a puff of smoke!
The crimson imp disappears in a puff of smoke!
Unknown command.
You are no longer berserk.
You are exhausted.
You feel yourself slow down.
Things that are here:
a +0 dagger; a +0 robe; a kobold corpse A chaos spawn comes into view.
As you read the scroll labelled PABIMN ILUID, it crumbles to dust.
It is a scroll of identify.
h - 3 scrolls of fear The chaos spawn closely misses you.
Blink to where?
Press: ? - help, Dir - move target
As you read the scroll labelled WEBLUTH HAYD, it crumbles to dust.
It was a scroll of blinking.
As you read the scroll labelled MIOHYF DUGH, it crumbles to dust.
You feel momentarily disoriented.
It was a scroll of magic mapping.
The chaos spawn splatters into many small globs of multi-coloured light, then recombines.
As you read the scroll labelled GASELE IKOOSU, it crumbles to dust.
A profound silence engulfs you.
It was a scroll of silence.
Magic scrolls do not work when you're silenced!
The purple very ugly thing punches you!
You die...

# . ## . # ## ## .
... .### #### ...#
##.# ### ..##...
#.#. ## ##..####...#
.###...##.##..#.@.##
# .###..#..#..#u...#
. #......#...#....##
#.# . ........##..#
##. #...##.#..##.#
#..##.#.#..###
###.#...##..#.#
###### #.#### ##


You could see a purple very ugly thing.

Vanquished Creatures
  A sixfirhy (Abyss:1)
  Pikel (D:7)
  An ugly thing (D:8)
  Psyche (D:8)
  Maggie (D:9)
  A kobold demonologist (Abyss:1)
  An ancient zyme (Abyss:1)
  A troll (D:7)
  Grinder (D:5)
  A large abomination (Abyss:1)
  A blink frog (Abyss:1)
  5 humans
  A wyvern (D:9)
  6 yaks (D:9)
  A steam dragon (D:7)
  2 acid dragons (D:9)
  A water moccasin (D:6)
  2 ice beasts
  A sky beast (D:6)
  2 orc warriors
  A black bear (D:8)
  A necrophage (D:5)
  3 centaurs
  2 lemures (D:7)
  A phantom (D:5)
  2 elf zombies (Ossuary)
  A kobold brigand (D:7)
  3 bullfrogs
  8 scorpions
  2 wyvern skeletons
  2 water moccasin skeletons
  16 killer bees
  4 centaur zombies
  2 hounds
  5 jellies
  2 gnoll shamans (D:7)
  7 orc priests
  Crazy Yiuf (D:6)
  A bullfrog skeleton (D:4)
  2 centaur skeletons
  4 iguanas
  5 orc wizards
  A hound skeleton (D:4)
  2 mummies (Ossuary)
  2 howler monkey zombies
  Robin (D:4)
  7 gnolls (D:7)
  3 adders
  2 shadow imps
  2 white imps
  An ufetubus (D:5)
  3 worms
  2 dart slugs
  23 orcs
  6 endoplasms
  4 giant cockroaches
  2 gnoll zombies (Ossuary)
  13 hobgoblins
  5 jackals (D:1)
  15 kobolds
  3 quokkas
  3 ball pythons
  9 bats
  7 frilled lizards
  13 goblins
  5 hobgoblin zombies (Ossuary)
  5 orc zombies (Ossuary)
  3 rats
249 creatures vanquished.

Vanquished Creatures (collateral kills)
  A lich (Abyss:1)
  A harpy zombie (Abyss:1)
2 creatures vanquished.

Vanquished Creatures (others)
  A sky beast (D:6)
  2 fungi (D:8)
  6 plants
9 creatures vanquished.

Grand Total: 260 creatures vanquished

Notes
Turn   | Place    | Note
-------+----------+-------------------------------------------
     0 | D:1      | browni3141 the Gargoyle Berserker began the quest for the
                  | Orb.
     0 | D:1      | Reached XP level 1. HP: 14/14 MP: 1/1
   203 | D:1      | Reached XP level 2. HP: 19/19 MP: 2/2
   667 | D:1      | Reached ** piety under Trog
   729 | D:1      | Reached XP level 3. HP: 23/23 MP: 3/3
  1340 | D:1      | Found a faded altar of an unknown god.
  1690 | D:2      | Reached XP level 4. HP: 27/29 MP: 4/4
  2349 | D:3      | Reached *** piety under Trog
  2551 | D:3      | Reached XP level 5. HP: 31/33 MP: 5/5
  3709 | D:4      | Reached XP level 6. HP: 39/39 MP: 6/6
  4064 | D:4      | Found Niecur's Distillery.
  4266 | D:4      | Bought a potion of heal wounds for 70 gold pieces
  4299 | D:4      | Reached skill level 5 in Fighting
  4322 | D:4      | Identified the +5 flail "Radwufe" {flame, Will- Dex+8 SInv}
  4325 | D:4      | Reached XP level 7. HP: 44/44 MP: 7/7
  4462 | D:4      | Found Befufi's Armour Shoppe.
  4472 | D:4      | Bought a +0 pair of boots for 45 gold pieces
  4472 | D:4      | Bought a +0 pair of gloves for 45 gold pieces
  4569 | D:4      | Found Quqiqu's Armour Shoppe.
  4570 | D:4      | Noticed Robin
  4583 | D:4      | Killed Robin
  4654 | D:4      | Reached **** piety under Trog
  4799 | D:5      | Entered Level 5 of the Dungeon
  4810 | D:5      | Noticed Grinder
  4826 | D:5      | Killed Grinder
  4978 | D:5      | Found an ornate altar of the Wu Jian Council.
  4988 | D:5      | Reached skill level 5 in Armour
  4988 | D:5      | Reached XP level 8. HP: 51/51 MP: 8/8
  4994 | D:5      | Found a staircase to the Ecumenical Temple.
  5282 | D:5      | Found a stormy altar of Qazlal.
  5447 | D:5      | Reached skill level 5 in Axes
  5490 | D:5      | Reached skill level 1 in Evocations
  5745 | D:5      | Found an iron altar of Okawaru.
  5753 | D:5      | Found a hide-covered altar of Uskayaw.
  6689 | D:6      | Found Moxoomei's General Store.
  6931 | D:6      | Reached XP level 9. HP: 52/56 MP: 9/9
  7412 | D:6      | Found a runed translucent door.
  7413 | D:6      | Noticed Crazy Yiuf
  7559 | D:6      | Killed Crazy Yiuf
  7913 | D:7      | Noticed Pikel
  7927 | D:7      | Killed Pikel
  7928 | D:7      | Reached skill level 5 in Evocations
  8070 | D:7      | Reached XP level 10. HP: 57/64 MP: 10/10
  9240 | D:8      | Identified the +1 cloak of Imnipeism {+Inv rC+ rCorr}
  9253 | D:8      | Found a sand-covered staircase.
  9261 | Ossuary  | Entered an ossuary
  9404 | D:8      | Noticed Psyche
  9413 | D:8      | Killed Psyche
  9452 | D:8      | Noticed a purple ugly thing
  9464 | D:8      | Killed a purple ugly thing
  9831 | D:8      | Found an ancient bone altar of Kikubaaqudgha.
 10036 | D:8      | Found a staircase to the Lair.
 10408 | Lair:1   | Entered Level 1 of the Lair of Beasts
 10408 | Lair:1   | Noticed a cane toad
 10516 | D:9      | Noticed Maggie
 10529 | D:9      | Killed Maggie
 10685 | D:9      | Reached XP level 11. HP: 52/71 MP: 11/11
 10704 | D:9      | Reached ***** piety under Trog
 10729 | D:9      | Identified the +3 leather armour "Xasocset" {rPois}
 11441 | D:9      | Noticed Erolcha
 11462 | D:9      | Cast into level 1 of the Abyss (Erolcha)
 11480 | Abyss:1  | Noticed a lich
 11493 | Abyss:1  | Killed a lich
 11647 | Abyss:1  | Noticed a sixfirhy
 11654 | Abyss:1  | Killed a sixfirhy
 11654 | Abyss:1  | Noticed a purple very ugly thing
 11671 | Abyss:1  | Slain by a purple very ugly thing

Illustrated notes

Levels and vault maps discovered:
D:1:      minmay_arrival_plants_in_alcoves, layout_loops_corners,
          hellmonk_ecumenical_altar_leap_of_faith, minivault_19
D:2:      layout_basic, kennysheep_flooded_box, minmay_octomino_j4
D:3:      layout_basic, small_statue_intersection, serial_bayou_pond_b
D:4:      layout_rooms, serial_shops, nicolae_shop_crystal,
          kennysheep_mini_moat, nicolae_lakefront_shop,
          minmay_fractal_squares_gapless_5, uniq_robin
D:5:      layout_layer_cave, mainiacjoe_overflow_chevrons,
          nicolae_qazlal_eye_of_the_storm, amethyst_overflow_temple_binary,
          minmay_temple_entry_large_hall, uniq_grinder
D:6:      layout_loops_ring, serial_shops, nicolae_square_shop,
          uniq_crazy_yiuf_cottage
D:7:      layout_rooms, minmay_ruffians, uniq_pikel
D:8:      layout_cave_pools, mainiacjoe_overflow_concentric_impassable,
          grunt_lair_entry_orc_guard_hut, nicolae_ossuary_entry_plus,
          kennysheep_generic_room_2, uniq_psyche
D:9:      layout_basic, tgw_xom, st_stairs_4, uniq_maggie, uniq_erolcha
Lair:1:   layout_regular_city, beast_lair_carwin_1, infiniplex_staircase_pool_2
Abyss:1:  base:
D:5

Skill      XL: |  1  2  3  4  5  6  7  8  9 10 11 |
---------------+----------------------------------+-----
Axes           | 3 4 5 6 7 |  7.9
Dodging        | 2 3 4 |  4.0
Armour         | 3 4 5 6 7 8 9 |  9.1
Fighting       | 4 5 6 7 9 |  9.5
Evocations     | 3 5 7 8 |  8.0

Action                   |  1- 3 |  4- 6 |  7- 9 | 10-12 || total
-------------------------+-------+-------+-------+-------++-------
Melee: Hand axe          |   126 |   163 |       |       ||   289
       Punch             |       |     5 |     6 |     5 ||    16
       War axe           |       |    20 |   286 |   370 ||   676
Invok: Berserk           |       |     2 |     6 |     9 ||    17
       Trog's Hand       |       |       |       |     1 ||     1
       Brothers in Arms  |       |       |       |     1 ||     1
  Use: Scroll            |       |       |       |     4 ||     4
Armor: Ring mail         |    51 |       |       |       ||    51
       Animal skin       |     4 |       |       |       ||     4
       Chain mail        |    16 |    50 |       |       ||    66
       Plate armour      |       |    77 |   290 |   478 ||   845
Dodge: Dodged            |    77 |    76 |   112 |   255 ||   520
